 Dungeon Crawl Stone Soup version 0.24.0-2-g5b39cebb1c (webtiles) character file.

Game seed: 9565941482816234648, levelgen mode: deterministic

70 inmateoo the Firebug (level 4, -1/36 HPs)
             Began as a Draconian Fire Elementalist on Oct 31, 2019.
             Killed from afar by an orc wizard (8 damage)
             ... with a puff of flame
             ... on level 3 of the Dungeon.
             The game lasted 00:02:49 (2507 turns).

inmateoo the Firebug (Draconian Fire Elementalist)  Turns: 2507, Time: 00:02:50

Health: -1/36      AC:  5    Str: 10    XL:     4   Next: 4%
Magic:  7/7        EV: 12    Int: 17    God:
Gold:   102        SH:  0    Dex: 11    Spells: 4/7 levels left

rFire    . . .     SeeInvis .   a - +0 dagger (freeze)
rCold    . . .     Gourm    .   (no shield)
rNeg     . . .     Faith    .   (armour unavailable)
rPois    .         Spirit   .   (helmet restricted)
rElec    .         Reflect  .   (no cloak)
rCorr    .         Harm     .   (no gloves)
MR       +....                  (no boots)
Stlth    ++........             (no amulet)
HPRegen  0.12/turn              f - ring of wizardry
MPRegen  0.10/turn              g - ring of protection from magic

@: no status effects
A: unfitting armour, cold-blooded, AC +5
a: no special abilities


You were on level 3 of the Dungeon.
You were hungry.

You visited 1 branch of the dungeon, and saw 3 of its levels.

You collected 102 gold pieces.

Inventory:

Hand Weapons
 a - a +0 dagger of freezing (weapon)
Missiles
 i - 6 curare-tipped darts (quivered)
Jewellery
 f - a ring of wizardry (left hand)
 g - a ring of protection from magic (right hand)
Scrolls
 c - a scroll of identify
 j - a scroll of teleportation
 k - a scroll of amnesia
Potions
 d - a potion of brilliance
 e - a potion of flight
 l - a potion of curing
 o - a potion of berserk rage {unknown}
Comestibles
 b - 8 rations


   Skills:
 * Level 2.2 Fighting
 - Level 2.0 Dodging
 - Level 2.0 Stealth
 + Level 2.4 Spellcasting
 + Level 1.7 Conjurations
 + Level 3.4 Fire Magic


You had 4 spell levels left.
You knew the following spells:

 Your Spells              Type           Power        Failure   Level  Hunger
a - Flame Tongue          Conj/Fire      ##...        2%          1    #......
b - Throw Flame           Conj/Fire      ##....       4%          2    ##.....

Your spell library contained the following spells:

 Spells                   Type           Power        Failure   Level  Hunger
 Conjure Flame            Conj/Fire      ##......     8%          3    ###....
 Inner Flame              Hex/Fire       #.......     12%         3    ###....
 Sticky Flame             Conj/Fire      ##......     26%         4    #####..
 Fireball                 Conj/Fire      ##........   54%         5    ######.


Dungeon Overview and Level Annotations

Branches:
Dungeon (3/15)

Altars:
Okawaru
Ru


Innate Abilities, Weirdness & Mutations

Your plain brown scales are hard. (AC +5)
You cannot fit into any form of body armour.
You are cold-blooded and may be slowed by cold attacks.


Message History

You don't have enough magic to cast that spell.
Okay, then.
You aren't carrying any items that you can evoke.
Unknown command.
The orc wizard moves out of view.
You hear some strange, mumbled words.
Something hits you but does no damage. Something hits you but does no damage.
Something hits you. Something hits you. Something hits you but does no damage.
A magic dart appears from out of thin air!
The magic dart hits you!
* * * LOW HITPOINT WARNING * * *
It was a potion of magic.
Magic courses through your body.
An orc wizard appears from thin air!
Reactivating autopickup.
The orc wizard casts a spell at you. The puff of flame hits you!
You die...

♣♣## #.... ♣..#
#######.... ... ♣..#
#.....o.... ...♣
♣..#######o#####....
#..♣♣♣ ♣..##...o..#
#.... ..#..♣
♣♣.##o###### #####
.#..♣ ♣♣..##.# #
...♣♣♣ ♣ ♣...##.# #
....♣♣.♣♣♣♣♣♣...@o.#
#
......♣....♣.♣..####
# ....#.....♣.♣.###
. . ......##......#
.. . .....###.###..#
.^ . .. .[...##.
#..##### .# >. ##
...#....#
#.)....##.###..
..####.##
#.####........ ###
.. #.####.###.###


You could see an orc wizard.

Vanquished Creatures
  An adder (D:3)
  2 oozes
  2 worms (D:3)
  A dart slug (D:1)
  3 orcs (D:3)
  3 bats
  4 giant cockroaches
  3 goblins
  7 hobgoblins
  3 frilled lizards
  6 kobolds
  5 rats
40 creatures vanquished.

Notes
Turn   | Place    | Note
-------+----------+-------------------------------------------
     0 | D:1      | inmateoo the Draconian Fire Elementalist began the quest
                  | for the Orb.
     0 | D:1      | Reached XP level 1. HP: 14/14 MP: 3/3
   130 | D:1      | Reached XP level 2. HP: 19/22 MP: 0/5
   342 | D:1      | Reached skill level 1 in Fighting
   920 | D:2      | Found an iron altar of Okawaru.
  1350 | D:2      | Learned a level 2 spell: Throw Flame
  1489 | D:2      | Reached XP level 3. HP: 22/28 MP: 6/6
  1490 | D:2      | Found a sacrificial altar of Ru.
  2480 | D:3      | Reached XP level 4. HP: 33/36 MP: 1/7
  2507 | D:3      | Killed from afar by an orc wizard

Levels and vault maps discovered:
D:1:      dpeg_arrival_solitude, layout_basic
D:2:      layout_basic, nicolae_ru_path_of_blood, okawaru_trees_2
D:3:      layout_rooms, chequers_ecumenical_altar_grove, first_ration

Skill      XL: |  1  2  3 |
---------------+----------+-----
Dodging        | 2 |  2.0
Fighting       | 1 2 |  2.2
Stealth        | 2 |  2.0
Spellcasting   | |  2.4
Conjurations   | |  1.7
Fire Magic     | |  3.4

Action                   |  1- 3 |  4- 6 || total
-------------------------+-------+-------++-------
Melee: Unarmed           |    10 |       ||    10
       Tailslap          |     3 |       ||     3
       Dagger            |    38 |     2 ||    40
 Cast: Flame Tongue      |    74 |     1 ||    75
  Use: Scroll            |    10 |       ||    10
       Potion            |       |     1 ||     1
  Eat: Chunk             |     5 |       ||     5
Armor: Skin              |    16 |     4 ||    20
Dodge: Dodged            |    50 |     1 ||    51
